woodfighter, chaotic female orcish Cavewoman --- ------- ---- -------- ---.-- ---- --.....|--- ---..-- --- |.--.|.---....-- |..| |.....-|..| --- |.....| --.-- --- |..............| --..| |.|...||..| ----.-- |.....--|...---.-- |........--....| --.^.| |.|..--|-.| |.....| ----...--........----|-.......||....| |....| |.|-----.-- |.....-- |................-|......-----...--- --.`.-- |.| |..-- --.....| |...>.............|-......| ---^..| |....| |.| --...-----.....| ---..--........|..||....|.| ---.--- --..-- --|.---|.....|.|......--- ---- ----|......-----------|.| --...| |..-- |.|...--................|--..---- --.|...| ----|.| --..-.--- --..| |...^..%..).............-|......--------*----------...|.------.......-----..-- |........................|.......).....*.*....@.......................-|.^..| ---.--...................|-.....------------.q.............----.......%|-...| |.--.|....(.........|.------..| ----............----....---.----.-- |....|.....--.--..----- |...-- ---..............^...| |...||..| |..----...----------------.--- |.(.....%.......---- ---.--.-- |........*<................| |......^....----- |......| |..------------------------- ---..--...--- |......| ---- ------..| --.|..-- ---- ------ woodfighter the Young Cave Woman Experience level: 7 Strength: 18/02 Dexterity: 14 Constitution: 18 Intelligence: 10 Wisdom: 9 Charisma: 7 Health: 0(63) Energy: 27(27) Def: 9 Gold: 25 Moves: 3926 Dungeon seed: fZo--SerPqM-rFOd Game ID: woodfighter_1476520058 Your Inventory: Coins $ - 25 gold pieces Weapons a - a +1 club (weapon in hand) b - a +2 sling (alternate weapon; not wielded) Armor i - an uncursed +0 dwarvish mithril-coat (being worn) n - an uncursed +0 dwarvish iron helm (being worn) t - an uncursed +0 pair of jumping boots (being worn) N - an uncursed +0 cloak of invisibility Comestibles o - an uncursed sprig of wolfsbane p - 2 uncursed food rations Z - an uncursed lizard corpse Scrolls j - 2 uncursed scrolls of confuse monster k - an uncursed scroll of identify Spellbooks s - an uncursed spellbook of cure blindness Potions l - an uncursed potion of water m - an uncursed potion of speed Tools q - a bag of tricks (0:19) y - an uncursed skeleton key M - a +0 pick-axe V - an uncursed towel Gems e - 15 uncursed flints (in quiver) Spells and supernatural/magical abilities: Name Level Category Fail Memory W - pray for help -- divine ? -- Y - supernatural jump -- ability ? -- Your skills at the end: Miscellaneous Skills bare handed combat [Basic] Weapon Skills scimitar [Basic] club [Basic] sling [Basic] Spellcasting Skills Final Attributes: You were piously aligned. You were poison resistant. You had infravision. You were very stealthy. You could jump. You were fast. You were lucky. You are dead. Vanquished creatures: a giant mimic a small mimic a giant beetle a lizard a giant spider a vampire bat a gnome king a brown pudding a dingo 2 dwarf lords a dust vortex a plains centaur a soldier ant 3 baby crocodiles a rock mole 4 gnome lords 3 gnomish wizards 9 dwarves a kobold shaman an iguana 3 rothes a werejackal a killer bee 4 coyotes 2 hobbits an acid blob a large kobold 2 geckos a hobgoblin 3 giant rats a yellow mold 27 gnomes 5 garter snakes 10 jackals a fox 5 newts 6 grid bugs 4 lichens a kobold zombie 115 creatures vanquished. Voluntary challenges: You did not adorn yourself with jewelry or accessories. You did not cause conflict. You did not have reflection. You were not displaced. You used a wielded weapon 201 times, starting on turn 2. You did not apply a unicorn horn. You did not use plumbed fixtures. You did not drink any magical draughts. You were illiterate. You never genocided any monsters. You never polymorphed an object. You never changed form. You used no wishes. You never split a pudding. You never wrote Elbereth's name. You never violated your personal moral code. Dungeon overview: The Dungeons of Doom: levels 1 to 4 Level 1 (l) some fountains a long staircase Level 2 (l) a fountain Level 3 a fountain Level 4 (w) a fountain stairs to The Gnomish Mines The Gnomish Mines: levels 5 to 9 Level 5 stairs to The Dungeons of Doom Level 6 Level 7 <- You were here Level 8 many shops, a temple to Anshar, a magic chest, some fountains Level 9 History has recorded: On T:1 you entered the Dungeons of Doom to retrieve the Amulet of Yendor! On T:388 you reached level 2 of The Dungeons of Doom. On T:461 you advanced to experience level 2. On T:875 you reached level 3 of The Dungeons of Doom. On T:962 you reached level 4 of The Dungeons of Doom. On T:1276 you advanced to experience level 3. On T:1402 you prayed to Anshar. On T:1488 you reached level 1 of The Gnomish Mines. On T:1862 you advanced to experience level 4. On T:2042 you advanced to experience level 5. On T:2074 you reached level 2 of The Gnomish Mines. On T:2331 you advanced to experience level 6. On T:2461 you reached level 3 of The Gnomish Mines. On T:2688 you reached level 4 of The Gnomish Mines. On T:2728 you prayed to Anshar. On T:2774 you advanced to experience level 7. On T:2835 you entered the Minetown temple On T:2860 you opened a magic chest. On T:3401 you reached level 5 of The Gnomish Mines. Score breakdown: Gold: 25 ( 2 points) Experience: 7 levels ( 600 points) Exploration: 9 levels ( 240 points) Discoveries: 22 items ( 1100 points) Variety of kills: 39 monsters ( 1950 points) Major goal: reached Minetown ( 500 points) Survival: died (score multiplied by 3) Total score: 13176 Latest messages: You stop exploring. A bear trap closes on your foot! You are caught in a bear trap. You hear a distant squeak. You are caught in a bear trap. You stop exploring. The lizard bites! You hit the lizard! (2x) The lizard bites! You hit the lizard! You kill the lizard! j - a labeled ZELGO MER. You see here a lizard corpse. t - a lizard corpse. Swapping: t - an uncursed +0 pair of jumping boots (being worn). z - a lizard corpse. Moving: Z - a lizard corpse. You hit the mumak! The mumak butts! The mumak misses. You hit the mumak! The mumak butts! You die... Final status: Goodbye woodfighter the Cavewoman, killed by a mumak... You died in The Gnomish Mines on dungeon level 7 with 13176 points, and 25 pieces of gold, after 3926 moves. You were level 7 with a maximum of 63 hit points when you died.